 Dungeon Crawl Stone Soup version 0.31-a0-188-g5e087ee2ca (webtiles) character file.

Game seed: 8519300194783060114

662 qw the Skirmisher (level 7, 0/40 HPs)
             Began as a Deep Elf Hunter on June 22, 2023.
             Was an Initiate of Okawaru.
             Succumbed to a water moccasin's poison
             ... on level 5 of the Dungeon.
             The game lasted 00:01:25 (3416 turns).

qw the Skirmisher (Deep Elf Hunter)                 Turns: 3416, Time: 00:01:26

Health: 0/40       AC: 10    Str: 10    XL:     7   Next: 30%
Magic:  7/9        EV: 15    Int: 14    God:    Okawaru [......]
Gold:   251        SH:  5    Dex: 18    Spells: 6/6 levels left

rFire   . . .        Y - +1 shortbow
rCold   . . .        (shield currently unavailable)
rNeg    . . .        e - +0 ring mail
rPois   .            (no helmet)
rElec   .            (no cloak)
rCorr   .            (no gloves)
SInv    .            (no boots)
Will    +....        c - amulet of reflection
Stlth   +++          a - +4 ring of protection
HPRegen 0.26/turn    j - ring of willpower
MPRegen 0.11/turn

%: reflection
@: lethally poisoned (0 -> -2), heroic
A: no striking features
a: Renounce Religion


You were on level 5 of the Dungeon.
You worshipped Okawaru.
Okawaru was noncommittal.
You visited 2 branches of the dungeon, and saw 6 of its levels.

You collected 251 gold pieces.


   Skills:
 - Level 2.7(7.7) Fighting
 + Level 10.6(15.6) Ranged Weapons
 - Level 3.8(8.8) Dodging
 - Level 1.2(6.2) Stealth


You had 6 spell levels left.
You didn't know any spells.
Your spell library was empty.

Inventory:

Hand Weapons
 Y - a +1 shortbow (weapon)
Armour
 e - a +0 ring mail (worn)
 i - the +0 ring mail of Truth {-Cast Harm rN+ Will++}
   (You found it on level 3 of the Dungeon)

   rN:        It protects you from negative energy.
   -Cast:     It prevents spellcasting.
   Harm:      It increases damage dealt and taken.
   Will:      It greatly increases your willpower.
Jewellery
 a - a +4 ring of protection (left hand)
 c - an amulet of reflection (around neck)
 j - a ring of willpower (right hand)
Potions
 b - a potion of attraction {unknown}
 d - a potion of curing {unknown}
 f - a potion of might {unknown}
 g - a potion of lignification {unknown}
 h - a potion of haste {unknown}
 k - a potion of magic {unknown}

Dungeon Overview and Level Annotations

Branches:
Dungeon (5/15)             Temple (1/1) D:4

Altars:
Ashenzari
Cheibriados
Dithmenos
Elyvilon
Fedhas
Gozag
Hepliaklqana
Kikubaaqudgha
Makhleb
Okawaru
Qazlal
Ru
Sif Muna
Trog
Vehumet
Wu Jian
Xom
Yredelemnul
Zin

Shops:
D:1 [   D:4 (


Message History

The arrow barely misses the water moccasin.
The water moccasin bites you but does no damage.
You block the orc's attack.
The water moccasin bites you but does no damage.
You shoot an arrow.
The arrow barely misses the water moccasin.
The orc hits you but does no damage.
The water moccasin bites you but does no damage.
You shoot an arrow. The arrow hits the water moccasin.
The water moccasin is almost dead.
The water moccasin bites you. The orc hits you with a +0 dagger.
The water moccasin bites you.
You are poisoned.
The water moccasin poisons you!
You shoot an arrow.
The arrow closely misses the water moccasin.
You feel very sick. You block the orc's attack. The water moccasin bites you.
You shoot an arrow. The arrow hits the water moccasin!
You kill the water moccasin!
Okawaru accepts your kill.
You can now gain great but temporary skills.
You feel very sick. The orc misses you.
Your Dodging skill increases to level 3!
3411 ||| INVOKING Heroism.
You gain the combat prowess of a mighty hero.
You can no longer gain great but temporary skills.
You feel sick. The orc hits you but does no damage.
You shoot an arrow. The arrow closely misses the orc.
You feel sick. The orc hits you but does no damage.
You shoot an arrow. The arrow barely misses the orc.
You feel sick. The orc hits you but does no damage.
You shoot an arrow. The arrow hits the orc!
You kill the orc!
Okawaru accepts your kill.
There is a lethal amount of poison in your body!
You feel sick.
There is a lethal amount of poison in your body!
You die...

# ..# ## ....#.#
......%###
#....@.## ..#
#.#.)...## ..#
##.....##### ..#
##........##+#.#
###......##.#.#
##.#...##.#.#
###.[.##.#.####
#.............
#######.#.####


There were no monsters in sight!

Vanquished Creatures
  A wyvern (D:5)
  A water moccasin (D:5)
  A black bear (D:4)
  A phantom (D:4)
  A hound (D:5)
  Ijyb (D:2)
  An iguana (D:4)
  4 adders
  4 gnolls (D:4)
  An ufetubus (D:4)
  5 dart slugs
  4 orcs
  9 endoplasms
  6 giant cockroaches
  8 hobgoblins
  4 jackals (D:2)
  5 quokkas
  4 ball pythons
  4 bats
  3 frilled lizards
  8 goblins
  3 kobolds
  6 rats
85 creatures vanquished.

Vanquished Creatures (others)
  An orc (D:3)
1 creature vanquished.

Grand Total: 86 creatures vanquished

Notes
Turn   | Place    | Note
-------+----------+-------------------------------------------
     0 | D:1      | qw the Deep Elf Hunter began the quest for the Orb.
     0 | D:1      | Reached XP level 1. HP: 12/12 MP: 3/3
     0 | D:1      | 0 ||| qw: Version: 0.3-a-9-g12657ce
     0 | D:1      | 0 ||| qw: Game counter: 3043
     0 | D:1      | 0 ||| qw: Always use a shield: true
     0 | D:1      | 0 ||| qw: God list: Okawaru
     0 | D:1      | 0 ||| qw: Allow faded altars: false
     0 | D:1      | 0 ||| qw: Do Orc after D:15 true
     0 | D:1      | 0 ||| qw: Do second Lair branch before Depths: true
     0 | D:1      | 0 ||| qw: Lair rune preference: random
     0 | D:1      | 0 ||| qw: Plans: Normal
     0 | D:1      | 0 ||| PLANNING D:1-11
   107 | D:1      | Found Afewod's Armour Emporium.
   110 | D:1      | 110 ||| SHOPLISTING +0 cloak (63 gold, have 0).
   110 | D:1      | 110 ||| SHOPLISTING +0 pair of boots (63 gold, have 0).
   110 | D:1      | 110 ||| SHOPLISTING +1 hat (154 gold, have 0).
   110 | D:1      | 110 ||| SHOPLISTING +1 troll leather armour (308 gold, have
                  | 0).
   110 | D:1      | 110 ||| SHOPLISTING +2 pair of boots (231 gold, have 0).
   249 | D:1      | Reached skill level 6 in Ranged Weapons
   249 | D:1      | Reached XP level 2. HP: 16/16 MP: 4/4
   644 | D:1      | Reached XP level 3. HP: 20/20 MP: 5/5
   975 | D:1      | 975 ||| UPGRADING to +0 ring mail.
   985 | D:1      | 985 ||| DROPPING +0 leather armour.
   986 | D:1      | 986 ||| DROPPING scroll of butterflies.
  1226 | D:2      | Reached skill level 7 in Ranged Weapons
  1378 | D:2      | Found a burning altar of Makhleb.
  1606 | D:2      | 1606 ||| UPGRADING to amulet of reflection.
  1611 | D:2      | 1611 ||| READING 2 scrolls labelled FUHIETZO GUFRASK.
  1612 | D:2      | 1612 ||| READING scroll labelled WINWUE KUNWE.
  1613 | D:2      | 1613 ||| DRINKING 2 ruby potions.
  1614 | D:2      | 1614 ||| DROPPING scroll of fog.
  1644 | D:3      | 1644 ||| STAIRDANCE
  1661 | D:2      | Reached XP level 4. HP: 14/25 MP: 6/6
  1709 | D:3      | 1709 ||| STAIRDANCE
  1895 | D:3      | Identified the +0 ring mail of Truth {-Cast Harm rN+
                  | Will++}
  1898 | D:3      | Noticed Ijyb
  1900 | D:3      | 1900 ||| FLEEEEING.
  1901 | D:3      | 1901 ||| FLEEEEING.
  1902 | D:3      | 1902 ||| FLEEEEING.
  1903 | D:3      | 1903 ||| FLEEEEING.
  1904 | D:3      | 1904 ||| FLEEEEING.
  1905 | D:3      | 1905 ||| FLEEEEING.
  1905 | D:3      | HP: 3/25 [Ijyb/iceblast (13)]
  1906 | D:3      | 1906 ||| FLEEEEING.
  1914 | D:3      | 1914 ||| FLEEEEING.
  1917 | D:3      | 1917 ||| FLEEEEING.
  1918 | D:3      | 1918 ||| FLEEEEING.
  1919 | D:3      | 1919 ||| STAIRDANCE
  1994 | D:2      | 1994 ||| UPGRADING to +4 ring of protection.
  1995 | D:2      | 1995 ||| READING scroll labelled FEH LOCKADYSIST.
  1999 | D:3      | 1999 ||| STAIRDANCE
  2068 | D:3      | 2068 ||| STAIRDANCE
  2075 | D:2      | HP: 6/25 [Ijyb/+3 club (2)]
  2076 | D:2      | 2076 ||| DRINKING potion of heal wounds.
  2087 | D:2      | Killed Ijyb
  2088 | D:2      | Reached skill level 8 in Ranged Weapons
  2285 | D:3      | 2285 ||| READING scroll labelled CUCHAOTSERR.
  2320 | D:4      | Reached XP level 5. HP: 29/29 MP: 7/7
  2398 | D:4      | Found a shimmering blue altar of Sif Muna.
  2398 | D:4      | Found a shimmering altar of Xom.
  2480 | D:4      | 2480 ||| FLEEEEING.
  2557 | D:4      | Reached skill level 9 in Ranged Weapons
  2624 | D:4      | Noticed a black bear
  2629 | D:4      | Killed a black bear
  2630 | D:4      | Reached XP level 6. HP: 36/36 MP: 8/8
  2697 | D:4      | Identified the +5 spear of Zaafuegi {protect, Drain rN+
                  | Str+2}
  2761 | D:4      | Found Finuh's Weapon Boutique.
  2873 | D:4      | Found a staircase to the Ecumenical Temple.
  2874 | D:4      | 2874 ||| PLANNING TEMPLE
  2874 | D:4      | 2874 ||| UPGRADING to ring of willpower.
  2875 | D:4      | 2875 ||| READING 2 scrolls labelled HEDEERI JEMO.
  2876 | D:4      | 2876 ||| READING scroll labelled RIOMUGG RULO.
  2880 | D:4      | 2880 ||| DROPPING scroll of blinking.
  2903 | Temple   | Entered the Ecumenical Temple
  2971 | Temple   | 2971 ||| PLANNING OKAWARU WORSHIP
  3205 | Temple   | Became a worshipper of Warmaster Okawaru
  3206 | Temple   | 3206 ||| PLANNING D:1-11
  3340 | D:5      | Entered Level 5 of the Dungeon
  3382 | D:5      | Noticed a wyvern
  3387 | D:5      | Noticed a water moccasin
  3394 | D:5      | Killed a wyvern
  3395 | D:5      | Reached skill level 10 in Ranged Weapons
  3395 | D:5      | Reached XP level 7. HP: 24/40 MP: 9/9
  3409 | D:5      | HP: 10/40 [poisoned by a water moccasin]
  3410 | D:5      | Reached * piety under Okawaru
  3411 | D:5      | Reached skill level 3 in Dodging
  3411 | D:5      | 3411 ||| INVOKING Heroism.
  3411 | D:5      | HP: 4/40 [poisoned by a water moccasin]
  3415 | D:5      | HP: 1/40 [poisoned by a water moccasin]
  3416 | D:5      | Succumbed to a water moccasin's poison

Levels and vault maps discovered:
D:1:      dpeg_arrival_signposts, layout_basic, serial_shops,
          nicolae_shop_real_fake_doors
D:2:      minmay_alternating_diamond, layout_basic, basic_altar,
          kennysheep_generic_room_5
D:3:      layout_rooms, uniq_ijyb
D:4:      layout_basic, nicolae_overflow_two_pavilions, temple_green,
          serial_shops, nicolae_shop_behind_doors, minmay_crystal_room,
          hangedman_abyss_or_decor_stagger, minmay_misc_feat_plants,
          chequers_garden
D:5:      layout_basic, nicolae_tso_carved_into_rock, makhleb_altar_promises_db
Temple:   minmay_temple_bridge_d

Skill      XL: |  1  2  3  4  5  6  7 |
---------------+----------------------+-----
Ranged Weapons | 6 7 8 9 10 | 10.6
Fighting       | 2 |  2.7
Dodging        | 3 |  3.8
Stealth        | |  1.2

Action                     |  1- 3 |  4- 6 |  7- 9 || total
---------------------------+-------+-------+-------++-------
   Fire: Shortbow          |   145 |   148 |    19 ||   312
 Invoke: Heroism           |       |       |     1 ||     1
    Use: Scroll            |     2 |     4 |       ||     6
         Potion            |     1 |     1 |       ||     2
 Armour: Leather armour    |    10 |       |       ||    10
         Ring mail         |    11 |    31 |    20 ||    62
  Dodge: Dodged            |    30 |    41 |    12 ||    83
  Block: Other             |     4 |    19 |     3 ||    26

Table legend:
 A = Non-vault XP
 B = Vault XP
 C = Vault XP percentage of total XP
 D = Non-vault monster count
 E = Vault monster count
 F = Vault count percentage of total count
                 A         B        C        D         E       F
            +---------+---------+-------+---------+---------+-------
      Total |     899 |      47 |   5.0 |      79 |       7 |   8.1
            +---------+---------+-------+---------+---------+-------
        D:1 |      41 |       0 |   0.0 |      23 |       0 |   0.0
        D:2 |      68 |      47 |  40.9 |      23 |       7 |  23.3
        D:3 |      34 |       0 |   0.0 |      11 |       0 |   0.0
        D:4 |     364 |       0 |   0.0 |      18 |       0 |   0.0
        D:5 |     392 |       0 |   0.0 |       4 |       0 |   0.0
            +---------+---------+-------+---------+---------+-------
